← All builds
Suicide front / Armada / Factory first / OBSERVED BUILD

Standard suicide front

Armada Suicide front build order · Supreme Isthmus

The role's baseline: Bot Lab at 0:21 then straight into reclaim-fed T1 bot production to contest the middle and hold until T2 arrives, with an Advanced Metal Extractor around 9:45.

#rush · 2021 distinct matches · 231 players · 72% of Armada Suicide front games · team won 59% of 2397 · Recently observed

HOW TO PLAY IT

Key timing: Bot Lab by 0:20

  1. Open with mex and lab-first to get Bot Lab up by 0:20.
  2. Expand mex and wind while lab pumps units toward middle.
  3. Push Sentry and early Rocketeer, Centurion to contest middle.
  4. Get T2 constructor out once Pond's boost lets you spare metal.
  5. Upgrade mex to Advanced Metal Extractor as you transition off T1 spam.

Phase by phase

TYPICAL OF ITS 2021 GAMES
  1. 1
  2. 2
  3. 3
PLAY THE OPENING

Follow the example game's first 6:00 step by step: what to build now, what comes next, and where it goes. At 1× it keeps pace with your own game.

  1. 1

    Bot Lab first

    Order
    1. Bot LabBot Lab done ~0:21, middle half 0:20–0:33

    Some games also: mex (44%)

  2. 2

    Bot Lab to 5:00

    Economy
    • Metal Extractor5Mex
    • Wind Turbine4Wind
    Builders
    • Construction Bot3 Con bot
    • Lazarus2 Lazarus
    Army
    • Sentry4 Sentry
    • Rocketeer16 Rocketeer
    • Tick2 Tick
    • Centurion1 Centurion
    Other
    • Radar Tower1 Radar Tower

    Some games also: pawn (38%) · con turret (34%)

    By 5:00 in all: 5 mex · 4 wind

    The example game in this phase · 17 steps
    1. TickTick ×3
    2. LazarusLazarus ×2
    3. CenturionCenturion ×2
    4. Mex
    5. CenturionCenturion
    6. Mex
    7. Radar TowerRadar Tower
    8. Construction BotCon bot ×3
    9. SentrySentry
    10. CenturionCenturion ×3
    11. RocketeerRocketeer ×3
    12. MaceMace
    13. Mex
    14. MaceMace ×3
    15. Mex
    16. MaceMace
    17. LazarusLazarus ×2
  3. 3

    5:00 to 10:00

    Economy
    • Metal Extractor1Mex
    • Wind Turbine15Wind
    Builders
    • Construction Turret2 Con turret
    • Lazarus2 Lazarus
    • Construction Bot1 Con bot
    Army
    • Sentry1 Sentry
    • Rocketeer8 Rocketeer

    Some games also: pawn (49%) · Radar Tower (46%) · tick (45%) · centurion (44%) · energy storage (43%) · eat Bot Lab (31%)

    By 10:00 in all: 6 mex · 21 wind · 1 energy storage · 2 con turret

    The example game in this phase · 69 steps
    1. MaceMace ×9
    2. Construction BotCon bot ×4
    3. MaceMace ×5
    4. NettleNettle
    5. Wind
    6. MaceMace
    7. Wind
    8. MaceMace
    9. Wind
    10. SentrySentry
    11. Wind
    12. MaceMace
    13. Wind
    14. MaceMace
    15. Wind
    16. MaceMace
    17. Wind
    18. SentrySentry
    19. Wind
    20. MaceMace
    21. Wind
    22. MaceMace
    23. SentrySentry
    24. Wind
    25. MaceMace
    26. Wind
    27. MaceMace
    28. Wind
    29. SentrySentry
    30. Wind
    31. MaceMace
    32. Wind
    33. MaceMace
    34. Wind ×3
    35. Mex
    36. Wind ×2
    37. MaceMace
    38. Wind ×4
    39. Construction BotCon bot
    40. Wind ×4
    41. Construction BotCon bot
    42. Wind
    43. Mex
    44. Wind ×5
    45. Construction BotCon bot
    46. Wind
    47. Con turret
    48. Wind
    49. Construction BotCon bot
    50. Wind ×5
    51. Converter ×4
    52. Bot LabEat Bot Labreclaimed for its metal
    53. Energy storage
    54. Mex
    55. Wind
    56. Converter
    57. Wind
    58. Converter
    59. Vehicle PlantVehicle Plantdone 13:24
    60. Converter ×2
    61. BlitzBlitz ×13
    62. NettleNettle
    63. BlitzBlitz
    64. Wind
    65. BlitzBlitz ×2
    66. NettleNettle ×2
    67. BlitzBlitz ×2
    68. NettleNettle
    69. BlitzBlitz ×2

Counts are medians over the build's games: half of them build more, half fewer. The example game is GoldReasons's (32 OS, 19/09/2026); pick another.

Team trades

IN AT LEAST 30% OF ITS GAMES

You hand over

Nothing regular.

You get

  • Tidal Generator4 Tidal from Pondfirst at 0:10 · in 68% of games
  • Advanced Construction Bot1 T2 con bot from Geo or Techfirst at 7:41 · in 57% of games

How it plays out

Typical game of this build, running totals by minute

Metal produced

010k20k
0:005:0010:0015:00

metal

Enemy metal destroyed

05k10k
0:005:0010:0015:00

metal

Own metal lost

05k10k
0:005:0010:0015:00

metal

2397 games.

Show as table
ByMetal produced: This buildEnemy metal destroyed: This buildOwn metal lost: This build
1:0023000
2:0088700
3:002008184130
4:003109645502
5:00418413531000
6:00534721811707
7:00653930502590
8:00776039343500
9:00904646874371
10:001041853095153
11:001189458575965
12:001360364066685
13:001540768767439
14:001729875058212
15:001926981098997
WHAT THE NUMBERS SAY

Standard Suicide front play wins a bit over half its games while taking the heaviest own losses of any role by 15:00.

  • + Produces 20142 metal by 15:00, highest of the front roles.
  • + First kill by 2:01 in all games, fastest contest of middle.
  • − Own metal lost hits 9178 by 15:00, more than enemy metal destroyed.
  • − Only 34% Rocketeer share shows army spread thin across many bot types.
THE EXAMPLE YOU ARE READING

GoldReasons

31.9 OS · 19/09/2026

Open source match ↗

6 received units · includes a constructor
677 metal received · 50246 energy received

Allied construction assistance is unknown. Timings are observations, not a promise of solo reproducibility.

Typical milestones

Bot Lab0:21Middle 50%: 0:20–0:33 · n=2389
Advanced Metal Extractor9:46Middle 50%: 8:50–10:58 · n=1734

Played most by

_X_263games of this buildPlatinumBlonde188games of this buildXad166games of this buildTrapCaT107games of this buildSoliloqueur81games of this build
Standard suicide front · Armada Suicide front build order · BAR Build Atlas